 Dungeon Crawl Stone Soup version 0.22.1-1-ga44c0e5 (webtiles) character file.

511 Iscandelvey the Conjurer (level 6, 0/45 HPs)
             Began as a Demigod Conjurer on Sept 30, 2018.
             Slain by an orc wizard
             ... wielding a +1 dagger of freezing
              (1 damage)
             ... on level 3 of the Dungeon.
             The game lasted 00:19:05 (5222 turns).

Iscandelvey the Conjurer (Demigod Conjurer)         Turns: 5222, Time: 00:19:06

Health: 0/45       AC:  3    Str: 11    XL:     6   Next: 66%
Magic:  1/14       EV: 14    Int: 23    God:
Gold:   219        SH:  0    Dex: 16    Spells: 6/12 levels left

rFire    x . .     SeeInvis .   i - +1 hand axe (chop)
rCold    + . .     Gourm    +   (no shield)
rNeg     . . .     Faith    .   a - +0 robe
rPois    .         Spirit   .   (no helmet)
rElec    .         Reflect  .   q - +0 cloak
rCorr    .         Harm     .   (no gloves)
MR       .....                  (no boots)
Stlth    ++........             z - amulet of the gourmand
HPRegen  0.15/turn              y - ring of ice
MPRegen  0.14/turn              (no ring)

@: very slightly contaminated
A: high mp 1
a: no special abilities


You were on level 3 of the Dungeon.
You were not hungry.

You visited 1 branch of the dungeon, and saw 4 of its levels.

You collected 219 gold pieces.

Inventory:

Hand Weapons
 g - a +0 dagger
 i - a +1 hand axe of chopping (weapon)
 t - a +2 mace of draining
Armour
 a - a +0 robe (worn)
 q - a +0 cloak (worn)
Jewellery
 v - an uncursed amulet of faith
 y - a ring of ice (left hand)
 z - an amulet of the gourmand (around neck)
Wands
 j - a wand of digging (13)
Scrolls
 e - a scroll of immolation {unknown}
 f - 2 scrolls of amnesia {unknown}
 h - 7 scrolls of identify {unknown}
 k - 3 scrolls of remove curse {unknown}
 l - 3 scrolls of magic mapping {unknown}
 n - 4 scrolls of noise {unknown}
 p - 4 scrolls of teleportation {unknown}
 s - a scroll of enchant armour {unknown}
 x - a scroll of enchant weapon {unknown}
Potions
 b - a potion of might {unknown}
 d - 2 potions of heal wounds {unknown}
 m - a potion of magic {unknown}
 o - 2 potions of agility {unknown}
 r - 3 potions of curing {unknown}
 u - a potion of berserk rage {unknown}
 w - a potion of lignification {unknown}
Comestibles
 c - 3 rations


   Skills:
 + Level 3.5 Dodging
 - Level 1.8 Stealth
 + Level 3.5 Spellcasting
 + Level 5.8 Conjurations
 + Level 1.0 Hexes


You had 6 spell levels left.
You knew the following spells:

 Your Spells              Type           Power        Failure   Level  Hunger
a - Magic Dart            Conj           ####         1%          1    None
b - Searing Ray           Conj           ####..       1%          2    #......
c - Dazzling Spray        Conj/Hex       ###...       8%          3    ###....

Your spell library contained the following spells:

 Spells                   Type           Power        Failure   Level  Hunger
 Iskenderun's Mystic Bla  Conj           ####....     10%         4    ####...
 Fulminant Prism          Conj/Hex       ###.......   26%         4    ####...
 Force Lance              Conj/Tloc      ###.....     32%         4    ####...


Dungeon Overview and Level Annotations

Branches:
Dungeon (4/15)             Temple (0/1) D:4

Shops:
D:4 (


Innate Abilities, Weirdness & Mutations

You have an increased reservoir of magic. (+10% MP)


Message History

Confirm with . or Enter, or press ? or * to list all spells.
You can't see any susceptible monsters within range! (Use Z to cast anyway.)
Casting: Dazzling Spray (safe; 8% risk of failure)
Confirm with . or Enter, or press ? or * to list all spells.
Aiming: Dazzling Spray (safe; 8% risk of failure)
Press: ? - help, Shift-Dir - straight line You hear some strange, mumbled words.
A magic dart appears from out of thin air!
The magic dart hits you!
* * * LOW HITPOINT WARNING * * *
You hit something.
You hear some strange, mumbled words.
A magic dart appears from out of thin air!
The magic dart hits you!
* * * LOW HITPOINT WARNING * * *
You hit something. Something hits you but does no damage.
You hit something. Something barely misses you. Something hits you.
* * * LOW HITPOINT WARNING * * *
Something freezes you.
You die...

#.......#.# #........
#.......#.# #........
#.......#.# #........
#.......#)# #........
#.......#.# #...#+###
#.......#)# #...#....
#.(.....#.###...#####
#....{...............
####@................
#.........###########
#.######### #### #.#
#... #.# #.#.
#.################.#.
#.##.................
#.##.####......###.#.
#.##.# #......# #.##


There were no monsters in sight!

Vanquished Creatures
  An ogre (D:4)
  3 crimson imps (D:3)
  A bullfrog skeleton (D:4)
  An orc priest (D:4)
  2 orc wizards
  2 iguanas (D:4)
  Jessica (D:3)
  A worker ant (D:4)
  2 adders
  An ooze (D:1)
  2 adder skeletons (D:4)
  A worm (D:3)
  2 dart slugs (D:4)
  5 orcs
  7 giant cockroaches
  4 goblins
  9 hobgoblins
  3 jackals (D:1)
  3 quokkas
  8 bats
  3 frilled lizards
  6 kobolds
  9 rats
77 creatures vanquished.

Notes
Turn   | Place    | Note
-------+----------+-------------------------------------------
     0 | D:1      | Iscandelvey the Demigod Conjurer began the quest for the
                  | Orb.
     0 | D:1      | Reached XP level 1. HP: 14/14 MP: 5/5
   143 | D:1      | You fall through a shaft!
   167 | D:1      | Reached XP level 2. HP: 8/20 MP: 1/7
   170 | D:1      | Reached skill level 4 in Conjurations
   463 | D:1      | Learned a level 2 spell: Searing Ray
  1130 | D:1      | Reached XP level 3. HP: 10/26 MP: 3/8
  1314 | D:1      | Learned a level 3 spell: Dazzling Spray
  1338 | D:2      | Found a shadowy altar of Dithmenos.
  1927 | D:3      | HP: 1/26 [orc wizard/dagger (3)]
  1928 | D:3      | Reached XP level 4. HP: 1/33 MP: 0/10
  2388 | D:3      | Found a shimmering altar of Xom.
  2458 | D:3      | Reached skill level 5 in Conjurations
  2532 | D:3      | Reached XP level 5. HP: 26/38 MP: 3/11
  3194 | D:3      | Noticed Jessica
  3202 | D:3      | Killed Jessica
  3550 | D:4      | Found Peasch's Weapon Emporium.
  3898 | D:4      | Found a white marble altar of Elyvilon.
  3900 | D:4      | Found a glowing silver altar of Zin.
  3909 | D:4      | Found a blossoming altar of Fedhas.
  4041 | D:4      | Found a blossoming altar of Fedhas.
  4048 | D:4      | Found an iron altar of Okawaru.
  4330 | D:4      | Found a sacrificial altar of Ru.
  4352 | D:4      | Noticed an ogre
  4358 | D:4      | Killed an ogre
  4358 | D:4      | Reached XP level 6. HP: 43/45 MP: 4/14
  4726 | D:4      | Reached skill level 1 in Hexes
  5061 | D:4      | Found a staircase to the Ecumenical Temple.
  5222 | D:3      | HP: 1/45 [something (4)]
  5222 | D:3      | Slain by an orc wizard

Skill      XL: |  1  2  3  4  5  6 |
---------------+-------------------+-----
Conjurations   | 4 5 |  5.8
Dodging        | 2 3 |  3.5
Spellcasting   | 2 3 |  3.5
Hexes          | 1 |  1.0
Stealth        | |  1.8

Action                   |  1- 3 |  4- 6 || total
-------------------------+-------+-------++-------
Melee: Dagger            |    15 |       ||    15
       Hand axe          |    19 |   140 ||   159
 Cast: Magic Dart        |    53 |    27 ||    80
       Searing Ray       |     3 |     6 ||     9
       Dazzling Spray    |       |    21 ||    21
 Stab: Sleeping          |     3 |     4 ||     7
       Invisible         |       |     3 ||     3
  Eat: Chunk             |     4 |     7 ||    11
       Ration            |       |     2 ||     2
Armor: Robe              |    13 |    25 ||    38
Dodge: Dodged            |    29 |   109 ||   138
